 Dungeon Crawl Stone Soup version 0.24.0-7-gb3623d2c88 (webtiles) character file.

Game seed: 199487015453366241, levelgen mode: deterministic

3712 EmberCloud the Carver (level 9, -1/79 HPs)
             Began as a Minotaur Gladiator on Nov 2, 2019.
             Was a Believer of Okawaru.
             Shot with an arrow by a centaur (13 damage)
             ... on level 8 of the Dungeon.
             The game lasted 00:53:19 (6484 turns).

EmberCloud the Carver (Minotaur Gladiator)          Turns: 6484, Time: 00:53:19

Health: -1/79      AC:  6    Str: 28    XL:     9   Next: 91%
Magic:  6/8        EV: 21    Int:  5    God:    Okawaru [**....]
Gold:   382        SH:  0    Dex: 17    Spells: 8/8 levels left

rFire    . . .     SeeInvis .   a - +0 long sword
rCold    . . .     Gourm    +   (no shield)
rNeg     . . .     Faith    .   y - +2 robe "Uffatuj" {Dex+4}
rPois    .         Spirit   .   c - +0 hat
rElec    .         Reflect  .   (no cloak)
rCorr    .         Harm     .   P - +0 pair of gloves
MR       .....                  (no boots)
Stlth    ++++......             h - amulet of the gourmand
HPRegen  0.23/turn              R - +2 ring of strength
MPRegen  0.11/turn              k - +5 ring of strength

@: heroism
A: retaliatory headbutt, horns 2
a: Heroism, Renounce Religion


You were on level 8 of the Dungeon.
You worshipped Okawaru.
Okawaru was pleased with you.
You were full.

You visited 2 branches of the dungeon, and saw 9 of its levels.
You also visited: Sewer.

You collected 382 gold pieces.

Inventory:

Hand Weapons
 a - a +0 long sword (weapon)
 I - a +0 shortbow
 U - a +2 hunting sling of flaming
Missiles
 d - 3 throwing nets
 C - 29 poisoned darts (quivered)
 L - 80 arrows
 V - 8 sling bullets
Armour
 b - a +0 leather armour
 c - a +0 hat (worn)
 e - a +0 plate armour
 y - the +2 robe "Uffatuj" (worn) {Dex+4}
   (You found it on level 4 of the Dungeon)

   It affects your dexterity (+4).
 P - a +0 pair of gloves (worn)
 W - a +2 leather armour of cold resistance
Jewellery
 h - an amulet of the gourmand (around neck)
 i - an uncursed ring of fire
 k - a +5 ring of strength (right hand)
 m - an uncursed ring of wizardry
 r - an uncursed ring of wizardry
 A - an uncursed ring of magical power
 K - an uncursed ring of stealth
 R - a +2 ring of strength (left hand)
 S - an uncursed amulet of magic regeneration {unknown}
Wands
 N - a wand of acid (10)
 Q - a wand of disintegration (16)
Scrolls
 g - 2 scrolls of identify
 n - 2 scrolls of enchant weapon
 p - a scroll of enchant armour {unknown}
 q - a scroll of immolation {unknown}
 s - a scroll of magic mapping {unknown}
 t - 2 scrolls of remove curse
 u - a scroll of vulnerability {unknown}
 v - 3 scrolls of amnesia
 x - 2 scrolls of fear {unknown}
 D - a scroll of silence {unknown}
 F - 5 scrolls of teleportation
 J - a scroll of blinking {unknown}
 O - a scroll of fog {unknown}
Potions
 j - a potion of mutation {unknown}
 l - 3 potions of resistance
 o - a potion of heal wounds {unknown}
 w - a potion of brilliance {unknown}
 z - 2 potions of might
 B - a potion of cancellation {unknown}
 E - a potion of curing
 G - 2 potions of flight
 H - a potion of degeneration {unknown}
 M - a potion of ambrosia {unknown}
Comestibles
 f - 12 rations
 T - a chunk of flesh


   Skills:
 + Level 7.4(12.4) Fighting
 + Level 11.9(16.9) Long Blades
 - Level 2.0(7.0) Throwing
 + Level 4.6(9.6) Armour
 + Level 7.1(12.1) Dodging
 + Level 4.2(9.2) Stealth


You had 8 spell levels left.
You didn't know any spells.
Your spell library contained the following spells:

 Spells                   Type           Power        Failure   Level  Hunger
 Confusing Touch          Hex            #.....       47%         1    ##.....
 Confuse                  Hex            #.......     85%         3    ####...
 Gell's Gravitas          Tloc           #.........   85%         3    ####...
 Petrify                  Tmut/Erth      #.......     99%         4    #####..
 Metabolic Englaciation   Hex/Ice        #.........   100%        5    ######.
 Yara's Violent Unravell  Hex/Tmut       #.........   100%        5    ######.


Dungeon Overview and Level Annotations

Branches:
Dungeon (8/15)             Temple (1/1) D:6           Sewer (visited)
   Lair: D:8-11

Altars:
Ashenzari
Cheibriados
Dithmenos
Elyvilon
Fedhas
Gozag
Kikubaaqudgha
Makhleb
Nemelex Xobeh
Okawaru
Qazlal
Ru
Uskayaw
Vehumet
Wu Jian
Yredelemnul
Zin
The Shining One

Portals:
Ossuary: D:7

Annotations:
D:5 3 runed translucent doors, skk's ghost, novice NaTm


Innate Abilities, Weirdness & Mutations

You reflexively headbutt those who attack you in melee.
You have a pair of horns on your head.


Message History

The centaur shoots an arrow.
The arrow closely misses you.
You see here 2 arrows.
You miss the bullfrog. Your headbutt misses the bullfrog.
The bullfrog closely misses you. The bullfrog barely misses you.
You furiously retaliate!
You headbutt the bullfrog. The bullfrog completely misses you.
You furiously retaliate!
You headbutt the bullfrog! You barely miss the bullfrog.
The bullfrog is severely wounded.
The bullfrog barely misses you.
You slash the bullfrog!
You kill the bullfrog!
Okawaru accepts your kill.
The centaur shoots an arrow.
The arrow hits you!
* * * LOW HITPOINT WARNING * * *
You gain the combat prowess of a mighty hero.
The centaur shoots an arrow.
The arrow closely misses you.
The centaur shoots an arrow.
The arrow completely misses you.
The centaur shoots an arrow.
The arrow hits you!
You die...

... ... .. #.##.#### .# ...
....#..# .# ...###...#.##.#
.>.......#(.#.#####
....[...?.........
...$....#..c....# ..#..
#(####...(...#..## #.....#..
##..####@.....# #.%......
#......(......###........
#...............##...# #.
#.............#.##)..###.
#..........#..#......##..
#.....(.(..##.##........#
...........................
.....................##...#
#.#..######...[...........<.


You could see a centaur.

Vanquished Creatures
  Pikel (D:4)
  Joseph (D:8)
  5 yaks (D:6)
  A hungry ghost (D:7)
  A slave (D:4)
  2 sky beasts (D:7)
  2 ogres
  A black bear (D:8)
  A centaur (D:6)
  Blork the orc (D:5)
  4 bullfrogs
  2 scorpions
  3 killer bees (D:7)
  A centaur zombie (D:6)
  2 howler monkeys
  A crimson imp (D:6)
  A bullfrog zombie (D:6)
  5 orc priests
  Crazy Yiuf (D:7)
  2 hounds (D:5)
  3 orc wizards
  2 iguanas
  Jessica (D:3)
  2 worker ants
  A killer bee zombie (D:6)
  2 hound zombies (D:6)
  A hound skeleton (D:7)
  2 worker ant zombies
  7 adders
  6 gnolls (D:7)
  3 river rats (D:5)
  4 oozes (Sewer)
  7 worms
  5 leopard geckos
  15 orcs
  16 bats
  11 giant cockroaches
  2 hobgoblins (D:1)
  11 jackals
  2 quokkas
  3 ball pythons
  4 frilled lizards
  A giant cockroach zombie (D:6)
  2 goblins (D:3)
  4 kobolds
  2 leopard gecko zombies
  8 rats
165 creatures vanquished.

Vanquished Creatures (others)
  2 fungi (D:5)
  2 plants (D:5)
4 creatures vanquished.

Grand Total: 169 creatures vanquished

Notes
Turn   | Place    | Note
-------+----------+-------------------------------------------
     0 | D:1      | EmberCloud the Minotaur Gladiator began the quest for the
                  | Orb.
     0 | D:1      | Reached XP level 1. HP: 18/18 MP: 0/0
   368 | D:1      | You fall into a shaft and drop 1 floor!
   595 | D:1      | Reached XP level 2. HP: 25/25 MP: 1/1
   918 | D:1      | You fall into a shaft and drop 1 floor!
   973 | D:2      | Reached skill level 4 in Long Blades
  1116 | D:2      | Reached XP level 3. HP: 30/30 MP: 2/2
  1262 | D:2      | Found a basalt altar of Yredelemnul.
  1264 | D:2      | Noticed a profane servitor
  1279 | D:2      | Found a glowing golden altar of the Shining One.
  1281 | D:2      | Noticed an angel
  1764 | D:3      | Reached skill level 1 in Armour
  2007 | D:3      | Reached XP level 4. HP: 38/38 MP: 3/3
  2027 | D:3      | Noticed Jessica
  2031 | D:3      | Killed Jessica
  2269 | D:4      | Noticed an ogre
  2285 | D:4      | Killed an ogre
  2285 | D:4      | Reached skill level 5 in Long Blades
  2285 | D:4      | Reached XP level 5. HP: 11/45 MP: 4/4
  2429 | D:4      | Got a shadowed robe
  2459 | D:4      | Identified the +2 robe "Uffatuj" {Dex+4} (You found it on
                  | level 4 of the Dungeon)
  2640 | D:4      | Noticed a slave
  2640 | D:4      | Noticed a slave
  2641 | D:4      | Noticed Pikel
  2641 | D:4      | Noticed a slave
  2642 | D:4      | Noticed a slave
  2660 | D:4      | Killed a slave
  2671 | D:4      | Killed Pikel
  2671 | D:4      | Reached skill level 6 in Long Blades
  2671 | D:4      | Reached skill level 5 in Dodging
  2671 | D:4      | Reached skill level 1 in Stealth
  2671 | D:4      | Reached XP level 6. HP: 11/53 MP: 5/5
  2671 | D:4      | Reached XP level 7. HP: 12/60 MP: 6/6
  2996 | D:5      | Entered Level 5 of the Dungeon
  3066 | D:5      | Found a runed translucent gate.
  3066 | D:5      | Found a runed translucent gate.
  3066 | D:5      | Found a runed translucent gate.
  3067 | D:5      | Noticed skk's ghost (novice NaTm)
  3070 | D:5      | Identified the +5 short sword "Fiug" {chaos, +Fly rPois
                  | rN++}
  3090 | D:5      | Found a blossoming altar of Fedhas.
  3093 | D:5      | Reached skill level 7 in Long Blades
  3361 | D:5      | Noticed Blork the orc
  3375 | D:5      | Killed Blork the orc
  3375 | D:5      | Reached skill level 5 in Fighting
  3520 | D:5      | Reached XP level 8. HP: 67/68 MP: 7/7
  3577 | D:5      | Found a glowing drain.
  3601 | D:5      | Reached skill level 8 in Long Blades
  3693 | Sewer    | Entered a sewer
  4797 | D:6      | Reached skill level 9 in Long Blades
  4827 | D:6      | HP: 2/70 [yak (12)]
  4828 | D:6      | Reached skill level 10 in Long Blades
  4828 | D:6      | Reached XP level 9. HP: 2/75 MP: 8/8
  5160 | D:6      | Found a staircase to the Ecumenical Temple.
  5184 | Temple   | Entered the Ecumenical Temple
  5226 | Temple   | Became a worshipper of Warmaster Okawaru
  5668 | D:7      | Found a sand-covered staircase.
  5716 | D:7      | Reached * piety under Okawaru
  5732 | D:7      | Reached skill level 11 in Long Blades
  5815 | D:7      | Found a runed translucent door.
  5816 | D:7      | Noticed Crazy Yiuf
  5824 | D:7      | Killed Crazy Yiuf
  6401 | D:8      | Noticed Joseph
  6439 | D:8      | Killed Joseph
  6439 | D:8      | Reached ** piety under Okawaru
  6484 | D:8      | Shot with an arrow by a centaur

Levels and vault maps discovered:
D:1:      saegor_arrival_under_anarchy, layout_loops_corners
D:2:      layout_basic, grunt_temple_overflow_holy_war
D:3:      layout_loops_corners, first_ration, uniq_jessica
D:4:      layout_layer_cave, uniq_pikel
D:5:      layout_loops_cross, basic_altar, portal_sewer_entry_c,
          gammafunk_ghost_nasty_kobolds, minmay_misc_feat_room,
          uniq_blork_the_orc
D:6:      layout_gridville, minmay_temple_entry_proselytizer
D:7:      layout_rooms, chequers_temple_overflow_minitemple, enter_ossuary_3,
          uniq_crazy_yiuf_cottage
D:8:      layout_rooms, grunt_pizzeria, kb_rosetta, uniq_joseph
Temple:   compressed_dpeg_circular_temple

Skill      XL: |  1  2  3  4  5  6  7  8  9 |
---------------+----------------------------+-----
Long Blades    | 4 5 6 7 10 11 | 11.9
Armour         | 1 3 4 |  4.6
Fighting       | 3 4 5 6 7 |  7.4
Dodging        | 4 5 6 7 |  7.1
Stealth        | 1 3 4 |  4.2
Throwing       | |  2.0

Action                   |  1- 3 |  4- 6 |  7- 9 || total
-------------------------+-------+-------+-------++-------
Melee: Long sword        |    52 |    36 |   297 ||   385
       Headbutt          |    13 |    12 |    91 ||   116
Throw: Dart              |       |       |    35 ||    35
Invok: Heroism           |       |       |     2 ||     2
  Use: Scroll            |       |     2 |    10 ||    12
       Potion            |       |       |     3 ||     3
 Stab: Sleeping          |       |       |     7 ||     7
  Eat: Chunk             |     3 |     9 |    18 ||    30
Armor: Leather armour    |    10 |     4 |       ||    14
       Robe              |       |     1 |    44 ||    45
Dodge: Dodged            |    52 |    22 |   175 ||   249
       Rpst.: Long sword |    10 |     4 |    36 ||    50
